 Dungeon Crawl Stone Soup version 0.30-a0-474-g5673dd7ce6 (webtiles) character file.

Game seed: 7169385354788881992

8385 Bnni the Carver (level 11, -2/101 HPs)
             Began as a Black Draconian Gladiator on Dec 20, 2022.
             Was an Initiate of Gozag.
             Slain by an orc knight
             ... wielding a +0 war axe
              (17 damage)
             ... in a bailey.
             The game lasted 00:24:36 (9934 turns).

Bnni the Carver (Black Draconian Gladiator)         Turns: 9934, Time: 00:24:36

Health: -2/101     AC: 12    Str: 16    XL:     11   Next: 9%
Magic:  13/13      EV: 18    Int:  8    God:    Gozag
Gold:   2214       SH:  0    Dex: 18    Spells: 12/12 levels left

rFire   . . .      SeeInvis .    L - +4 rapier (vamp)
rCold   + . .      Faith    .    (no shield)
rNeg    . . .      Spirit   .    (body armour unavailable)
rPois   .          Reflect  .    b - +0 hat
rElec   +          Harm     .    A - +1 cloak {rCorr}
rCorr   +          Rampage  .    j - +1 pair of gloves
Will    .....                    I - +0 pair of boots
Stlth   ++........               (no amulet)
HPRegen 0.36/turn                v - +4 ring of evasion
MPRegen 0.13/turn                F - ring of protection from cold

@: short of breath, gold aura
A: breathe lightning, AC +7, unfitting armour, electricity resistance,
cold-blooded
a: Breathe Lightning, Renounce Religion, Potion Petition, Call Merchant, Bribe
Branch


You were in a bailey.
You worshipped Gozag.
Gozag was most pleased with you.
You visited 2 branches of the dungeon, and saw 10 of its levels.
You also visited: Sewer and Bailey.

You collected 2299 gold pieces.
You paid 85 gold pieces to Gozag.

Inventory:

Hand Weapons
 a - a +0 scimitar of draining
 u - a +2 dagger of venom
 L - a +4 vampiric rapier (weapon)
Missiles
 d - a javelin (quivered)
 t - 36 poisoned darts
 M - 4 datura-tipped darts
Armour
 b - a +0 hat (worn)
 j - a +1 pair of gloves (worn)
 A - a +1 cloak of preservation (worn)
 I - a +0 pair of boots (worn)
Jewellery
 v - a +4 ring of evasion (left hand)
 F - a ring of protection from cold (right hand)
Wands
 w - a wand of quicksilver (12)
 y - a wand of digging (6)
 H - a wand of roots (5)
Scrolls
 e - 3 scrolls of immolation {unknown}
 f - 2 scrolls of noise {unknown}
 g - 2 scrolls of magic mapping {unknown}
 i - 3 scrolls of blinking {unknown}
 k - 3 scrolls of amnesia
 n - 3 scrolls of butterflies
 r - 6 scrolls of teleportation {unknown}
 s - 2 scrolls of fog
 B - a scroll of vulnerability
 C - a scroll of silence
 E - 2 scrolls of fear
 J - a scroll of enchant armour {unknown}
 K - a scroll of enchant weapon {unknown}
Potions
 h - 6 potions of curing
 l - 2 potions of mutation
 m - a potion of heal wounds
 o - 2 potions of lignification
 p - 3 potions of might {unknown}
 q - 2 potions of flight
 x - 5 potions of attraction {unknown}
 z - 2 potions of invisibility {unknown}
 D - a potion of haste
 G - 2 potions of magic {unknown}


   Skills:
 + Level 10.7 Fighting
 * Level 13.7 Long Blades
 - Level 1.7 Throwing
 * Level 4.7 Dodging
 + Level 1.4 Spellcasting
 + Level 2.0 Air Magic


You had 12 spell levels left.
You didn't know any spells.
Your spell library contained the following spells:

 Spells                   Type           Power      Damage    Failure   Level
 Kiss of Death            Conj/Necr      0%         2d5       36%         1
 Ensorcelled Hibernation  Hex/Ice        0%         N/A       50%         2
 Hailstorm                Conj/Ice       0%         3d3       75%         3
 Inner Flame              Hex/Fire       0%         N/A       75%         3
 Spider Form              Tmut/Pois      0%         N/A       75%         3
 Anguish                  Hex/Necr       0%         N/A       98%         4
 Cause Fear               Hex            0%         N/A       98%         4
 Ice Form                 Ice/Tmut       0%         N/A       98%         4
 Alistair's Intoxication  Tmut/Pois      0%         N/A       100%        5
 Blade Hands              Tmut           0%         N/A       100%        5
 Borgnjor's Vile Clutch   Necr/Erth      0%         N/A       100%        5
 Irradiate                Conj/Tmut      0%         3d11      100%        5
 Eringya's Noxious Bog    Tmut/Pois      0%         N/A       100%        6
 Iron Shot                Conj/Erth      0%         9d1       100%        6
 Malign Gateway           Summ/Tloc      0%         N/A       100%        7
 Discord                  Hex            0%         N/A       100%        8
 Summon Horrible Things   Summ           0%         N/A       100%        8
 Chain Lightning          Conj/Air       1%         3d1       100%        9
 Animate Armour           Summ/Erth      Unusable   N/A       N/A         4
 Simulacrum               Ice/Necr       Unusable   N/A       N/A         6

Dungeon Overview and Level Annotations

Branches:
Dungeon (9/15)             Temple (1/1) D:4           Sewer (visited)
 Bailey (1/1)
   Lair: D:8-11         Orc: D:9-12

Altars:
Ashenzari
Cheibriados
Dithmenos
Elyvilon
Fedhas
Gozag
Hepliaklqana
Kikubaaqudgha
Makhleb
Nemelex Xobeh
Okawaru
Qazlal
Ru
Sif Muna
Trog
Vehumet
Wu Jian
Xom
Yredelemnul
Zin
The Shining One

Shops:
D:7 *   D:8 *

Annotations:
D:5 Menkaure


Innate Abilities, Weirdness & Mutations

You can breathe wild blasts of lightning.
Your glossy black scales are hard. (AC +7)
You cannot fit into any form of body armour.
You are resistant to electric shocks. (rElec)
You are cold-blooded and may be slowed by cold attacks.


Message History

The kobold brigand closely misses you.
You barely miss the kobold brigand.
The kobold brigand is almost dead.
Unknown command.
You puncture the kobold brigand!
You feel better.
You kill the kobold brigand!
The kobold brigand hits you but does no damage.
The orc knight hits you but does no damage.
Unknown command.
You hit the orc knight but do no damage.
The orc knight is heavily wounded.
The kobold brigand hits you but does no damage.
The orc knight hits you but does no damage.
You hit the orc knight but do no damage.
The orc knight is heavily wounded.
The kobold brigand hits you with a +0 war axe.
The orc knight hits you with a +0 war axe!
* * * LOW HITPOINT WARNING * * *
Throw: 3 throwing nets
Press: ? - help, Shift-Dir - straight line, f - orc knight
Aim: an orc knight, wielding a +0 war axe and wearing a +0 scale mail (heavily wounded, 60% to hit)
You throw a throwing net.
The throwing net closely misses the orc knight.
The kobold brigand is distracted by your dazzling golden aura.
The orc knight hits you with a +0 war axe!
* * * LOW HITPOINT WARNING * * *
The kobold brigand shouts!
Throw: 2 throwing nets
Press: ? - help, Shift-Dir - straight line, f/p - orc knight
Aim: an orc knight, wielding a +0 war axe and wearing a +0 scale mail (heavily wounded, 60% to hit)
You throw a throwing net. The throwing net misses the orc knight.
Unknown command.
Throw: throwing net
Press: ? - help, Shift-Dir - straight line, f/p - orc knight
Aim: an orc knight, wielding a +0 war axe and wearing a +0 scale mail (heavily wounded, 60% to hit)
You throw a throwing net.
The throwing net barely misses the orc knight.
The orc knight hits you with a +0 war axe!
You die...
Your body crumbles into a pile of gold.

..........K
.K....... .......
..... ... ###'###
##.....##
#..$8K..#
#∩.o@..∩#
##.....##
####'''####
##~.......~##
####~~.......~~#
#....~~.......~~..
#.###~~.......~~##
....~~.......~~..
.###~~.......~~##


You could see an orc knight and a kobold brigand.

Vanquished Creatures
  A two-headed ogre (D:8)
  A troll (D:8)
  A hornet (D:9)
  Prince Ribbit (D:6)
  Grinder (D:5)
  A shadow (D:9)
  Sigmund (D:4)
  A wraith (D:7)
  A wyvern (D:8)
  12 yaks
  Eustachio (D:4)
  A steam dragon (D:8)
  A water moccasin (D:8)
  7 orc warriors
  2 ice beasts (D:6)
  2 black bears
  2 ogres
  2 centaurs
  6 phantoms
  6 kobold brigands
  4 bullfrogs
  Blork the orc (D:6)
  A gnoll sergeant (D:4)
  A scorpion (D:4)
  3 killer bees (D:7)
  4 howler monkeys
  2 bullfrog zombies (D:5)
  A centaur zombie (D:5)
  Crazy Yiuf (D:4)
  10 orc priests
  A bullfrog skeleton (D:5)
  2 hounds
  2 jellies
  4 iguanas
  Ijyb (D:4)
  Natasha (twice) (D:4)
  5 orc wizards
  A scorpion zombie (D:5)
  A howler monkey zombie (D:5)
  Robin (D:2)
  12 gnolls
  13 adders
  A shadow imp (D:6)
  An ufetubus (D:6)
  9 worms
  A dart slug (D:3)
  46 orcs
  8 endoplasms
  11 giant cockroaches
  11 hobgoblins
  2 jackals (D:1)
  20 kobolds
  8 quokkas
  8 ball pythons
  4 bats
  9 frilled lizards
  14 goblins
  7 rats
284 creatures vanquished.

Vanquished Creatures (others)
  A plant (D:5)
  3 withered plants (D:5)
4 creatures vanquished.

Grand Total: 288 creatures vanquished

Notes
Turn   | Place    | Note
-------+----------+-------------------------------------------
     0 | D:1      | Bnni the Draconian Gladiator began the quest for the Orb.
     0 | D:1      | Reached XP level 1. HP: 17/17 MP: 1/1
   114 | D:1      | Reached XP level 2. HP: 22/25 MP: 2/2
   590 | D:2      | Found a burning altar of Makhleb.
   615 | D:2      | Noticed Robin
   629 | D:2      | Reached XP level 3. HP: 30/30 MP: 3/3
   637 | D:2      | Reached skill level 4 in Long Blades
   659 | D:2      | Killed Robin
   822 | D:2      | Reached XP level 4. HP: 37/38 MP: 4/4
  1813 | D:3      | Reached skill level 5 in Long Blades
  1844 | D:3      | Reached XP level 5. HP: 42/45 MP: 5/5
  2026 | D:3      | Found a glowing drain.
  2052 | Sewer    | Entered a sewer
  2468 | Sewer    | Reached XP level 6. HP: 45/53 MP: 6/6
  2470 | Sewer    | Reached skill level 6 in Long Blades
  2475 | Sewer    | Got the Codex of Conjuration
  2972 | D:4      | Noticed Eustachio
  2993 | D:4      | Killed Eustachio
  2994 | D:4      | Reached skill level 5 in Fighting
  2994 | D:4      | Your scales start taking on a glossy black colour.
  2994 | D:4      | Reached XP level 7. HP: 39/61 MP: 7/7
  2994 | D:4      | Gained mutation: You are resistant to electric shocks.
                  | (rElec) [Black Draconian growth]
  3013 | D:4      | Reached skill level 7 in Long Blades
  3322 | D:4      | Noticed Natasha
  3347 | D:4      | Killed Natasha
  3521 | D:4      | Identified the +1 ring mail of Xom's Whim {rF+}
  3716 | D:4      | Noticed Sigmund
  3730 | D:4      | Killed Sigmund
  3731 | D:4      | Reached skill level 8 in Long Blades
  3733 | D:4      | Found a staircase to the Ecumenical Temple.
  3757 | D:4      | Identified a scroll of acquirement
  3762 | Temple   | Entered the Ecumenical Temple
  3951 | Temple   | Became a worshipper of Gozag Ym Sagoz the Greedy
  4047 | D:4      | Noticed Ijyb
  4059 | D:4      | Killed Ijyb
  4060 | D:4      | Reached XP level 8. HP: 69/70 MP: 8/8
  4091 | D:4      | Found a runed translucent door.
  4092 | D:4      | Noticed Crazy Yiuf
  4337 | D:4      | Noticed Natasha
  4348 | D:4      | Killed Natasha
  4421 | D:4      | Found a broken altar of Ashenzari.
  4514 | D:4      | Killed Crazy Yiuf
  4586 | D:5      | Entered Level 5 of the Dungeon
  4636 | D:5      | Reached skill level 9 in Long Blades
  4883 | D:5      | Noticed Menkaure
  5039 | D:5      | You fall into a shaft and drop 1 floor!
  5089 | D:6      | Reached skill level 10 in Long Blades
  5109 | D:6      | Reached XP level 9. HP: 33/80 MP: 9/9
  5163 | D:6      | Noticed Prince Ribbit
  5185 | D:6      | Killed Prince Ribbit
  5389 | D:6      | Noticed Blork the orc
  5407 | D:6      | Killed Blork the orc
  5471 | D:5      | Noticed Grinder
  5476 | D:5      | Paralysed by Grinder for 4 turns
  5494 | D:5      | Paralysed by Grinder for 5 turns
  5509 | D:5      | Paralysed by Grinder for 4 turns
  5510 | D:5      | Killed Grinder
  5511 | D:5      | Reached skill level 11 in Long Blades
  5871 | D:5      | Acquired 662 gold pieces
  6836 | D:7      | Found Ociedulu's Gadget Gallery.
  7361 | D:7      | Reached skill level 12 in Long Blades
  7598 | D:7      | Reached XP level 10. HP: 87/91 MP: 10/10
  8205 | D:8      | Reached skill level 10 in Fighting
  8252 | D:8      | Found Reedegga's Demolitions Depot.
  8273 | D:8      | Reached skill level 13 in Long Blades
  8822 | D:8      | Noticed a two-headed ogre
  8832 | D:8      | Killed a two-headed ogre
  9392 | D:9      | Reached skill level 1 in Air Magic
  9407 | D:9      | Reached skill level 1 in Spellcasting
  9415 | D:9      | Reached XP level 11. HP: 90/101 MP: 12/12
  9697 | D:9      | Found a flagged portal.
  9706 | Bailey   | Entered a bailey
  9907 | Bailey   | Noticed an orc knight
  9934 | Bailey   | Slain by an orc knight

Illustrated notes

Levels and vault maps discovered:
D:1:      dpeg_arrival_round_a, layout_rooms
D:2:      layout_loops_cross, basic_altar, uniq_robin
D:3:      layout_loops_ring, cheibrodos_sewer_entry_bend
D:4:      layout_loops_corners, marbit_many_paths, minmay_temple_entry_tees,
          hangedman_decor_riveting, lightli_minifort, uniq_crazy_yiuf_cottage,
          uniq_eustachio, uniq_natasha, uniq_ijyb, uniq_sigmund
D:5:      layout_cave_pools, serial_undead, serial_undead_d, serial_undead_f,
          serial_undead_b, serial_undead_b, corexii_shack, uniq_grinder,
          uniq_menkaure
D:6:      layout_basic, uniq_prince_ribbit1, uniq_blork_the_orc
D:7:      layout_loops_ring, serial_rivers, chequers_serial_rivers_large_a,
          chequers_serial_rivers_micro_e, chequers_serial_rivers_micro_a,
          chequers_serial_rivers_micro_b, chequers_serial_rivers_micro_c,
          minmay_crystal_water, nicolae_shop_gadgets
D:8:      layout_basic, nicolae_blasting_shop, minmay_orc_keep
D:9:      layout_loops_ring, hiddenorc2_lemuel, enter_bailey_8
Temple:   nicolae_temple_bog_church
Bailey:   bailey_axe_3, bailey

Skill      XL: |  1  2  3  4  5  6  7  8  9 10 11 |
---------------+----------------------------------+-----
Long Blades    | 4 5 6 8 10 12 13 | 13.7
Fighting       | 3 4 5 6 7 9 10 | 10.7
Dodging        | 4 |  4.7
Air Magic      | 1 2 |  2.0
Spellcasting   | 1 |  1.4
Throwing       | |  1.7

Action                   |  1- 3 |  4- 6 |  7- 9 | 10-12 || total
-------------------------+-------+-------+-------+-------++-------
Melee: Long sword        |   124 |    73 |   132 |       ||   329
       Tailslap          |    11 |    27 |   112 |    37 ||   187
       Dagger            |       |   160 |   433 |    88 ||   681
       Punch             |       |     3 |     9 |     4 ||    16
       Scimitar          |       |       |       |   140 ||   140
       Rapier            |       |       |       |    22 ||    22
Throw: Throwing net      |       |       |       |     3 ||     3
 Abil: Breathe Lightning |       |       |    13 |     7 ||    20
Evoke: Wand              |       |       |     1 |       ||     1
  Use: Potion            |       |     1 |     1 |     2 ||     4
       Scroll            |       |     5 |     5 |     4 ||    14
 Stab: Sleeping          |       |     4 |     2 |       ||     6
       Distracted        |       |       |       |     3 ||     3
Armor: Skin              |    51 |    51 |   128 |    41 ||   271
Dodge: Dodged            |   123 |   147 |   374 |   123 ||   767

Table legend: (Time is in decaauts)
 A = Elapsed time spent in this place.
 B = Non-inter-level travel time spent in this place.
 C = Inter-level travel time spent in this place.
 D = Time resting spent in this place.
 E = Time spent auto-exploring this place.
 F = Levels seen in this place.
 G = Mean time per level.
                   A        B        C        D        E       F      G
               +--------+--------+--------+--------+--------+-----+--------+
         Total |   9845 |   9610 |    235 |   1004 |   6358 |  12 |  820.4 |
       Dungeon |   8697 |   8477 |    220 |    790 |   5860 |   9 |  966.3 |
        Temple |    211 |    196 |     15 |      0 |    147 |   1 |  211.0 |
         Sewer |    721 |    721 |      0 |    127 |    333 |   1 |  721.0 |
        Bailey |    214 |    214 |      0 |     87 |     17 |   1 |  214.0 |
               +--------+--------+--------+--------+--------+-----+--------+

Top non-repeatable levels by time:
     D:4: 1576 daAuts
     D:8: 1370 daAuts
     D:6: 1201 daAuts
     D:7: 1122 daAuts
     D:5: 826 daAuts
     D:3: 824 daAuts
     D:2: 782 daAuts
   Sewer: 721 daAuts
     D:1: 558 daAuts
     D:9: 434 daAuts
  Bailey: 214 daAuts
  Temple: 211 daAuts
